 Dungeon Crawl Stone Soup version 0.18.1-48-g4cf74bf (webtiles) character file.

415 gotoss the Conjurer (level 6, -1/28 HPs)
             Began as a Spriggan Conjurer on Aug 16, 2016.
             Slain by an ogre
             ... wielding a +0 giant spiked club
              (23 damage)
             ... on level 5 of the Dungeon.
             The game lasted 00:33:56 (6100 turns).

gotoss the Conjurer (Spriggan Conjurer)             Turns: 6100, Time: 00:33:57

Health: -1/28      AC:  2    Str:  4    XL:     6   Next: 60%
Magic:  1/14       EV: 18    Int: 19    God:
Gold:   172        SH:  3    Dex: 16    Spells: 4 memorised, 4 levels left

rFire  . . .     SeeInvis +     t - +0 short sword (venom)
rCold  . . .     Gourm    .     a - +0 robe
rNeg   . . .     Faith    .     (shield restricted)
rPois  .         Spirit   .     (helmet restricted)
rElec  .         Dismiss  .     (no cloak)
rCorr  .         Reflect  +     (gloves unavailable)
SustAt +         Harm     .     (boots unavailable)
MR     +....                    o - +3 amulet of reflection
Stlth  ++++......               q - ring of stealth
                                h - ring of sustain attributes

@: very quick, somewhat resistant to hostile enchantments, stealthy
A: unfitting armour, see invisible, herbivore 3, speed 3, slow metabolism 2
a: no special abilities


You were on level 5 of the Dungeon.
You were not hungry.

You visited 1 branch of the dungeon, and saw 5 of its levels.

You collected 172 gold pieces.

Inventory:

Hand Weapons
 m - a +1 short sword
 t - a +0 short sword of venom (weapon)
Missiles
 g - 33 poisoned needles
Armour
 a - a +0 robe (worn)
Jewellery
 h - a ring of sustain attributes (left hand)
 o - a +3 amulet of reflection (around neck)
 q - a ring of stealth (right hand)
 w - an uncursed amulet of faith
Wands
 p - a wand of paralysis (12/24)
Scrolls
 f - 3 scrolls of identify
 i - a scroll of noise
 r - a scroll of blinking {unknown}
 s - a scroll of fear {unknown}
 u - a scroll of remove curse
 v - 2 scrolls of teleportation
 y - a scroll of recharging {unknown}
 A - a scroll of enchant armour {unknown}
 B - a scroll of random uselessness {unknown}
Potions
 d - a potion of cancellation {unknown}
 e - 2 potions of cure mutation {unknown}
 j - 2 potions of haste {unknown}
 l - 3 potions of curing {unknown}
 n - a potion of magic {unknown}
 z - a potion of flight {unknown}
Books
 b - a book of Conjurations

   Spells                             Type                      Level
   a - Magic Dart                     Conjuration                  1
   b - Searing Ray                    Conjuration                  2
   c - Dazzling Spray                 Conjuration/Hexes            3
   d - Fulminant Prism                Conjuration/Hexes            4
   e - Iskenderun's Mystic Blast      Conjuration                  4
   f - Iskenderun's Battlesphere      Conjuration/Charms           5
Comestibles
 c - 2 bread rations
 k - 2 slices of pizza
 x - 2 fruits


   Skills:
 + Level 0.2 Short Blades
 - Level 3.0 Dodging
 + Level 4.8 Stealth
 + Level 4.8 Spellcasting
 * Level 5.1 Conjurations


You had 4 spell levels left.
You knew the following spells:

 Your Spells              Type           Power        Failure   Level  Hunger
a - Magic Dart            Conj           ###.         1%          1    None
b - Dazzling Spray        Conj/Hex       ##....       14%         3    ##.....
c - Searing Ray           Conj           ###...       2%          2    #......
d - Iskenderun's Mystic   Conj           ###.....     17%         4    ####...


Dungeon Overview and Level Annotations

Branches:
Dungeon (5/15)
 Temple: D:4-7

Altars:
Gozag
Pakellas
Qazlal
Zin

Shops:
D:4 }

Annotations:
D:2 Terence
D:3 Grinder


Innate Abilities, Weirdness & Mutations

You are tiny and cannot use many weapons and most armour.
You have supernaturally acute eyesight.
You are a herbivore.
You cover ground extremely quickly.
You need consume almost no food.


Message History

The giant frog zombie misses you.
Casting: Searing Ray
Confirm with . or Enter, or press ? or * to list all spells.
Aiming: Iskenderun's Mystic Blast
Press: ? - help, Shift-Dir - straight line, f - centaur, p - ogre
Aim: a centaur (slightly transparent)
The orb of energy hits the giant frog zombie.
You destroy the giant frog zombie!
The orb of energy explodes!
The mystic blast hits the ogre.
The ogre is moderately wounded.
Casting: Iskenderun's Mystic Blast
Confirm with . or Enter, or press ? or * to list all spells.
Aiming: Iskenderun's Mystic Blast
Press: ? - help, Shift-Dir - straight line, f/p - centaur
Aim: a centaur (slightly transparent)
The orb of energy hits the ogre.
The ogre is severely wounded.
The ogre hits you with a giant spiked club!!
Ouch! That really hurt!
You die...

#..# #..# #..#
#..# ..# #.#
.######c##
#....
.......O.###
.....#
.#####.@...#
#....#
#......# .
#.#..#
##...#....#
#.#....
.##.###....#
#.....###....#
#....#
#.........#
#....######
#.#>....#.#
#.........#
###.#..##...#
#.#######.##
#......### ..#
#.# #..#


You could see an ogre and a centaur (invisible).

Vanquished Creatures
  A gnoll sergeant (D:5)
  A scorpion (D:4)
  A howler monkey (D:5)
  A giant frog zombie (D:5)
  Jessica (D:3)
  Ijyb (D:3)
  2 worker ants (D:4)
  4 gnolls
  5 adders
  An ooze (D:1)
  An adder skeleton (D:4)
  A dart slug (D:1)
  2 giant geckos
  2 orcs
  A ball python (D:2)
  9 giant cockroaches
  4 hobgoblins (D:3)
  10 kobolds
  2 quokkas
  2 bats
  5 giant newts
  5 goblins
  A quokka zombie (D:5)
  4 rats
67 creatures vanquished.

Notes
Turn   | Place    | Note
--------------------------------------------------------------
     0 | D:1      | gotoss the Spriggan Conjurer began the quest for the Orb.
     0 | D:1      | Reached XP level 1. HP: 9/9 MP: 5/5
    52 | D:1      | Reached skill level 3 in Conjurations
   469 | D:1      | Reached XP level 2. HP: 11/13 MP: 0/6
  1262 | D:2      | Reached XP level 3. HP: 15/16 MP: 1/8
  1365 | D:2      | Learned a level 3 spell: Dazzling Spray
  1612 | D:2      | Found an opulent altar of Gozag.
  1613 | D:2      | Found a glowing silver altar of Zin.
  2109 | D:3      | Noticed Terence
  2328 | D:3      | Reached skill level 4 in Conjurations
  2342 | D:3      | Reached XP level 4. HP: 21/21 MP: 1/9
  2382 | D:3      | Noticed Jessica
  2385 | D:3      | Killed Jessica
  2449 | D:3      | Noticed Ijyb
  2460 | D:3      | Killed Ijyb
  2696 | D:3      | Noticed Grinder
  2732 | D:3      | Paralysed by Grinder for 5 turns
  2734 | D:3      | HP: 1/21 [Grinder (5)]
  3053 | D:3      | Reached XP level 5. HP: 9/24 MP: 4/11
  3333 | D:3      | Found a stormy altar of Qazlal.
  3917 | D:4      | Found Ishreot's Gadget Emporium.
  4016 | D:4      | Found an oddly glowing altar of Pakellas.
  4216 | D:4      | Learned a level 2 spell: Searing Ray
  4221 | D:4      | Learned a level 4 spell: Iskenderun's Mystic Blast
  4534 | D:5      | Entered Level 5 of the Dungeon
  4564 | D:4      | HP: 1/24 [poisoned by an adder]
  5334 | D:5      | Reached XP level 6. HP: 13/28 MP: 1/13
  5919 | D:5      | Got a heavily runed ring mail
  5950 | D:5      | Reached skill level 5 in Conjurations
  6100 | D:5      | Slain by an ogre

Skill      XL: |  1  2  3  4  5  6 |
---------------+-------------------+-----
Conjurations   | 3 4 5 |  5.1
Spellcasting   | 3 4 |  4.8
Stealth        | 4 |  4.8
Short Blades   | |  0.2
Dodging        | |  3.0

Action                   |  1- 3 |  4- 6 || total
-------------------------+-------+-------++-------
Melee: Dagger            |     3 |       ||     3
       Unarmed           |     2 |       ||     2
       Short sword       |     3 |    67 ||    70
 Cast: Magic Dart        |    72 |    65 ||   137
       Dazzling Spray    |     3 |     4 ||     7
       Searing Ray       |       |    24 ||    24
       Iskenderun's Myst |       |     5 ||     5
  Use: Scroll            |     2 |     2 ||     4
       Potion            |       |     2 ||     2
 Stab: Invisible         |       |     2 ||     2
  Eat: Bread ration      |       |     1 ||     1
Armor: Robe              |     1 |     5 ||     6
Dodge: Dodged            |    21 |   138 ||   159
Block: Other             |       |    10 ||    10
